 Dungeon Crawl Stone Soup version 0.32-a0-918-g0f22ef8d61 (webtiles) character file.

Game seed: 639750765019932502

236 innerfire43 the Ducker (level 5, -2/39 HPs)
             Began as a Demonspawn Wanderer on Apr 10, 2024.
             Was a Plaything of Xom.
             Slain by Dowan
             ... wielding a +0 dagger
              (4 damage)
             ... on level 4 of the Dungeon.
             The game lasted 00:03:27 (2139 turns).

innerfire43 the Ducker (Demonspawn Wanderer)        Turns: 2139, Time: 00:03:28

Health: -2/39      AC:  5    Str: 17    XL:     5   Next: 77%
Magic:  5/5        EV: 17    Int:  8    God:    Xom [..*...]
Gold:   106        SH:  5    Dex: 14    Spells: 4/4 levels left

rFire   . . .        s - +2 dagger (elec)
rCold   . . .        (no shield)
rNeg    . . .        c - +0 leather armour
rPois   +            (no helmet)
rElec   .            r - +0 cloak
rCorr   .            (no gloves)
SInv    .            (no boots)
Will    .....        h - amulet of reflection
Stlth   +            i - ring of poison resistance
HPRegen 0.26/turn    p - +5 ring of evasion
MPRegen 0.09/turn

%: reflection
@: brilliant, hasted, wreathed by umbra, very quick
A: claws 1, sharp scales 1, foul shadow 1
a: Renounce Religion


You were on level 4 of the Dungeon.
You worshipped Xom.
You were a toy of Xom.
You visited 1 branch of the dungeon, and saw 4 of its levels.

You collected 106 gold pieces.

Inventory:

Hand Weapons
 a - a +0 mace
 s - a +2 dagger of electrocution (weapon)
Missiles
 b - 2 throwing nets (quivered)
Armour
 c - a +0 leather armour (worn)
 r - a +0 cloak (worn)
 w - an orb of energy
Jewellery
 h - an amulet of reflection (around neck)
 i - a ring of poison resistance (left claw)
 p - a +5 ring of evasion (right claw)
Wands
 d - a wand of flame (7)
 l - a wand of iceblast (7)
Scrolls
 e - 2 scrolls of fear
 f - a scroll of enchant armour {unknown}
 g - a scroll of torment {unknown}
 j - 3 scrolls of revelation {unknown}
 m - 2 scrolls of teleportation {unknown}
 q - 3 scrolls of identify {unknown}
 t - a scroll of immolation {unknown}
 u - a scroll of silence {unknown}
 v - a scroll of poison {unknown}
Potions
 n - a potion of mutation {unknown}
 o - a potion of curing {unknown}
 x - a potion of attraction {unknown}


   Skills:
 + Level 2.7 Fighting
 * Level 2.1 Short Blades
 - Level 2.0 Maces & Flails
 + Level 2.6 Armour
 + Level 4.1 Dodging
 - Level 4.0 Evocations


You had 4 spell levels left.
You didn't know any spells.
Your spell library contained the following spells:

 Spells                   Type           Power      Damage    Failure   Level
 Static Discharge         Conj/Air       0%         3-3/arc   61%         2
 Airstrike                Air            0%         2d(0-16)  99%         4
 Summon Lightning Spire   Summ/Air       0%         N/A       99%         4


Dungeon Overview and Level Annotations

Branches:
Dungeon (4/15)
 Temple: D:4-7

Altars:
Dithmenos
Gozag
Qazlal
Sif Muna
Vehumet
Xom

Annotations:
D:4 Dowan, Duvessa


Innate Abilities, Weirdness & Mutations

You have sharp fingernails.
You are partially covered in razor-sharp scales. (AC +1, Slay +1)
You are faintly shadowed, very rarely releasing foul flame when damaged in melee.


Message History

Dowan gestures at Duvessa while chanting.
Duvessa seems to speed up.
A gnoll comes into view. It is wielding a +0 whip.
The gnoll shouts!
You hit Duvessa.
Duvessa is heavily wounded.
You hear a shout!
Duvessa hits you but does no damage.
You hit Duvessa but do no damage.
Duvessa is heavily wounded.
You block Dowan's attack. The endoplasm freezes you.
You are frozen.
You emit a cloud of colourful smoke!
A gnoll comes into view. It is wielding a +0 halberd.
You hit Duvessa but do no damage.
Duvessa is heavily wounded.
Duvessa barely misses you.
Unknown command.
You hit Duvessa.
Duvessa is heavily wounded.
Dowan points at you and mumbles some strange words.
The puff of flame hits you. The endoplasm closely misses you.
Duvessa hits you but does no damage.
Unknown command.
You hit Duvessa but do no damage.
Duvessa is heavily wounded.
Unknown command.
You hit Duvessa but do no damage.
Duvessa is heavily wounded.
Duvessa barely misses you. You block Dowan's attack.
The endoplasm hits you but does no damage.
You hit Duvessa. Lightning courses through Duvessa!
Duvessa is almost dead.
Duvessa hits you with a +2 vampiric rapier!
* * * LOW HITPOINT WARNING * * *
Duvessa draws strength from your wounds!
Dowan hits you with a +0 dagger.
You die...
Xom bursts into laughter!

.#.##..#.....
#...........
#........g## # .
#......$.(##.#
#.###....>.g...#
.. ...........#
...# #..#.Jee#
..#.##...#.@§#
.........§.##
#.##....###
...#..#..#.####
...............#
.#.##.#.##.###.#
#.#.##.###.
#.#.##...!
#.#.##..# .#


You could see Duvessa (fast), Dowan, 2 gnolls and an endoplasm.

Vanquished Creatures
  2 scorpions (D:4)
  An iguana (D:3)
  2 adders
  3 dart slugs (D:1)
  3 ribbon worms
  An orc (D:3)
  4 bats
  5 endoplasms
  6 giant cockroaches
  5 goblins
  7 hobgoblins
  3 quokkas
  8 ball pythons
  2 frilled lizards (D:1)
  3 kobolds
  4 rats
59 creatures vanquished.

Notes
Turn   | Place    | Note
-------+----------+-------------------------------------------
     0 | D:1      | innerfire43 the Demonspawn Wanderer began the quest for the
                  | Orb.
     0 | D:1      | innerfire43 set off with the following items: a +0 mace, 2
                  | throwing nets, a +0 leather armour, a wand of flame (7), a
                  | scroll of fear.
     0 | D:1      | Reached XP level 1. HP: 13/13 MP: 1/1
     0 | D:1      | Noticed a large abomination
     1 | D:1      | Noticed a large abomination
     3 | D:1      | Noticed a large abomination
     6 | D:1      | Noticed a large abomination
     8 | D:1      | Noticed a large abomination
     9 | D:1      | Noticed a large abomination
    13 | D:1      | Noticed a large abomination
    13 | D:1      | Noticed a small abomination
    15 | D:1      | Noticed a large abomination
    17 | D:1      | Noticed a large abomination
    17 | D:1      | Noticed a large abomination
    19 | D:1      | Noticed a large abomination
    19 | D:1      | Noticed a large abomination
    21 | D:1      | Noticed a large abomination
   189 | D:1      | Gained mutation: You are partially covered in razor-sharp
                  | scales. (AC +1, Slay +1) [demonic ancestry]
   189 | D:1      | Reached XP level 2. HP: 19/20 MP: 2/2
   249 | D:1      | Reached skill level 1 in Fighting
   517 | D:1      | Gained mutation: You are faintly shadowed, very rarely
                  | releasing foul flame when damaged in melee. [demonic
                  | ancestry]
   517 | D:1      | Reached XP level 3. HP: 24/26 MP: 3/3
  1420 | D:3      | Reached XP level 4. HP: 27/33 MP: 4/4
  1442 | D:3      | Found a faded altar of an unknown god.
  1491 | D:3      | Prayed at the altar of an unknown god.
  1491 | D:3      | Became a worshipper of Xom of Chaos
  1518 | D:3      | Found a stormy altar of Qazlal.
  1518 | D:3      | XOM: divination: magic mapping
  1519 | D:3      | Found a shimmering blue altar of Sif Muna.
  1519 | D:3      | Found an opulent altar of Gozag.
  1521 | D:3      | Found a shadowy altar of Dithmenos.
  1552 | D:3      | Found a radiant altar of Vehumet.
  1636 | D:3      | XOM: silly message
  1862 | D:3      | Reached skill level 1 in Short Blades
  1964 | D:4      | Noticed a scorpion
  1972 | D:4      | Killed a scorpion
  1973 | D:4      | Gained mutation: You have sharp fingernails. [demonic
                  | ancestry]
  1973 | D:4      | Reached XP level 5. HP: 21/39 MP: 5/5
  2120 | D:4      | Noticed Dowan
  2121 | D:4      | Noticed Duvessa
  2122 | D:4      | XOM: potion effect (brilliance)
  2123 | D:4      | XOM: potion effect (haste)
  2134 | D:4      | XOM: smoke on damage
  2139 | D:4      | Slain by Dowan

Illustrated notes

Levels and vault maps discovered:
D:1:      shiori_arrival_whats_in_store_for_you, layout_loops_cross,
          patterned_corridor
D:2:      layout_rooms, grunt_decor_cap
D:3:      layout_rooms, grunt_temple_overflow_open, nicolae_vehumet_altar_sigil,
          lemuel_round_altar, chequers_ecumenical_altar_simple
D:4:      layout_loops_ring, uniq_duvessa

Skill      XL: |  1  2  3  4  5 |
---------------+----------------+-----
Fighting       | 1 2 |  2.7
Maces & Flails | 2 |  2.0
Armour         | 2 |  2.6
Short Blades   | 1 2 |  2.1
Dodging        | 4 |  4.1
Evocations     | |  4.0

Action                     |  1- 3 |  4- 6 || total
---------------------------+-------+-------++-------
  Melee: Mace              |   120 |       ||   120
         Dagger            |     8 |    60 ||    68
    Use: Potion            |       |     1 ||     1
   Stab: Sleeping          |     1 |     2 ||     3
 Armour: Leather armour    |    58 |    23 ||    81
  Dodge: Dodged            |    89 |    32 ||   121
  Block: Other             |     7 |     6 ||    13

Table legend: (Time is in decaauts)
 A = Elapsed time spent in this place.
 B = Non-inter-level travel time spent in this place.
 C = Inter-level travel time spent in this place.
 D = Time resting spent in this place.
 E = Time spent auto-exploring this place.
 F = Levels seen in this place.
 G = Mean time per level.
                   A        B        C        D        E       F      G
               +--------+--------+--------+--------+--------+-----+--------+
         Total |   2167 |   2048 |    119 |      0 |   1517 |   4 |  541.8 |
       Dungeon |   2167 |   2048 |    119 |      0 |   1517 |   4 |  541.8 |
               +--------+--------+--------+--------+--------+-----+--------+

Top non-repeatable levels by time:
     D:1: 811 daAuts
     D:2: 616 daAuts
     D:3: 572 daAuts
     D:4: 167 daAuts
